AoeStats
← AiM | Facu1414

African Clearing

505982105Analyzed
4v4 RM · 19d ago on Sep 11, 2026· 26m 36s· 8 players
Game mode
Random Map
Map size
Large (8 player)
Population
200
Speed
Normal
Resources
Standard
Victory
Conquest
Starting age
Dark Age
Ending age
Imperial Age
RankedLock teamsTeams togetherTeam positionsShared explorationLock speedFull tech treeHidden civsTurbo modeCheats
Victory
Defeat
🇨🇱 Malay · Chile
1481
+16
🇨🇴 Hindustanis · Colombia
1464
+17
🇵🇱 Spanish · Poland
1456
+17
🇵🇪 Gurjaras · Peru
1440
+18
🇦🇷 Cumans · Argentina
1572
-20
🇨🇴 Vietnamese · Colombia
1466
-16
🇬🇷 Koreans · Greece
1454
-16
🇨🇱 Tupi · Chile
1453
-16
yhoneyder.delrio
8:59 Loom
12:01 Feudal Age
12:49 Double-Bit Axe
17:37 Wheelbarrow
17:48 Scale Barding Armor
18:49 Forging
23:46 Castle Age
22:15 Gold Mining
23:17 Bloodlines
23:52 Light Cavalry
24:33 Husbandry
25:19 Chain Barding Armor
26:42 Bow Saw
NPG | DR@CA
10:49 Loom
13:27 Feudal Age
13:45 Man-at-Arms
16:03 Horse Collar
18:30 Fletching
19:21 Double-Bit Axe
26:23 Castle Age
24:25 Gold Mining
26:58 Wheelbarrow
26:40 Bow Saw
CROVERS
11:45 Feudal Age
12:21 Double-Bit Axe
13:12 Loom
20:48 Castle Age
18:32 Horse Collar
19:41 Forging
21:18 Bloodlines
23:41 Wheelbarrow
23:36 Husbandry
26:01 Scale Barding Armor
27:26 Hand Cart
u
9:02 Loom
12:39 Feudal Age
13:49 Town Watch
16:49 Castle Age
AiM | ajimenezacosta6
12:33 Loom
14:19 Feudal Age
19:02 Castle Age
17:24 Double-Bit Axe
18:10 Fletching
21:33 Bodkin Arrow
Zzulu
11:18 Loom
14:09 Feudal Age
18:08 Double-Bit Axe
20:25 Castle Age
AiM | Facu1414
6:50 Loom
12:45 Feudal Age
14:02 Double-Bit Axe
15:17 Fletching
19:08 Padded Archer Armor
25:30 Castle Age
AiM | TheBlackMamba
3:17 Loom
13:07 Feudal Age
18:05 Castle Age
Connection lost

Rejoining the realm…

Still unreachable

The connection could not be restored.

Session expired

The server has moved on; the page needs a fresh start.